 Dungeon Crawl Stone Soup version 0.23-a0-80-gc95c2c7 (webtiles) character file.

1 Amnesiac the Magician (level 1, -3/13 HPs)
             Began as a Mummy Air Elementalist on Aug 12, 2018.
             Killed from afar by Ijyb (16 damage)
             ... with a wand of flame (30)
             ... on level 3 of the Dungeon on Aug 13, 2018.
             The game lasted 00:01:14 (82 turns).

Amnesiac the Magician (Mummy Air Elementalist)        Turns: 82, Time: 00:01:14

Health: -3/13      AC:  2    Str: 11    XL:     1   Next: 16%
Magic:  4/4        EV: 12    Int: 14    God:
Gold:   14         SH:  0    Dex: 12    Spells: 4/5 levels left

rFire    x . .     SeeInvis .   c - +2 dagger (speed)
rCold    + . .     Gourm    .   (no shield)
rNeg     + + +     Faith    .   a - +0 robe
rPois    ∞         Spirit   .   (no helmet)
rElec    .         Reflect  .   (no cloak)
rCorr    .         Harm     .   (no gloves)
MR       .....                  (no boots)
Stlth    ++........             (no amulet)
HPRegen  0.04/turn              (no ring)
MPRegen  0.09/turn              (no ring)

@: no status effects
A: no food or potions, fire vulnerability, cold resistance 1, negative energy
resistance 3, torment resistance, unbreathing
a: no special abilities


You were on level 3 of the Dungeon.
You were not hungry.

You visited 1 branch of the dungeon, and saw 3 of its levels.

You collected 14 gold pieces.

Inventory:

Hand Weapons
 c - a +2 dagger of speed (weapon)
Armour
 a - a +0 robe (worn)
Scrolls
 b - a scroll of remove curse {!r, unknown}


   Skills:
 - Level 1.5 Dodging
 - Level 1.5 Stealth
 - Level 2.6 Spellcasting
 - Level 0.7 Conjurations
 + Level 2.5 Air Magic


You had 4 spell levels left.
You knew the following spells:

 Your Spells              Type           Power        Failure   Level  Hunger
a - Shock                 Conj/Air       #...         12%         1    N/A

Your spell library contained the following spells:

 Spells                   Type           Power        Failure   Level  Hunger
 Lightning Bolt           Conj/Air       #.........   97%         5    N/A
 Swiftness                Chrm/Air       #.......     21%         2    N/A
 Airstrike                Air            #.........   61%         4    N/A
 Static Discharge         Conj/Air       #.......     34%         3    N/A

Dungeon Overview and Level Annotations

Branches:
Dungeon (3/15)

Altars:

Annotations:
D:3 Ijyb


Innate Abilities, Weirdness & Mutations

You do not eat or drink.
Your flesh is vulnerable to fire.
You are immune to poison.
Your flesh is cold resistant. (rC+)
You are immune to negative energy. (rN+++)
You are immune to unholy pain and torment.
You can survive without breathing.


Message History

Found a runed dagger.
There is a stone staircase leading down here.
You see here a runed dagger.
c - a runed dagger The giant cockroach bites you but does no damage.
The giant cockroach misses you.
Wield which item (- for none, * to show all)? (? for menu, Esc to quit)
You don't have any such object.
Wield which item (- for none, * to show all)? (? for menu, Esc to quit)
Your hands tingle!
c - a +2 dagger of speed (weapon)
The giant cockroach bites you.
The giant cockroach bites you but does no damage.
Casting: Shock (safe; 12% risk of failure)
Confirm with . or Enter, or press ? or * to list all spells.
Aiming: Shock (safe; 12% risk of failure)
Press: ? - help, Shift-Dir - straight line You miscast Shock.
You are very lightly contaminated with residual magic.
You feel a strange surge of energy! The giant cockroach bites you.
Casting: Shock (safe; 12% risk of failure)
Confirm with . or Enter, or press ? or * to list all spells.
Aiming: Shock (safe; 12% risk of failure)
Press: ? - help, Shift-Dir - straight line The zap hits the giant cockroach.
The giant cockroach is heavily wounded.
The zap hits the giant cockroach.
The giant cockroach is almost dead.
The giant cockroach bites you but does no damage.
Casting: Shock (safe; 12% risk of failure)
Confirm with . or Enter, or press ? or * to list all spells.
Aiming: Shock (safe; 12% risk of failure)
Press: ? - help, Shift-Dir - straight line The zap hits the giant cockroach.
You kill the giant cockroach!
Casting: Shock (safe; 12% risk of failure)
Confirm with . or Enter, or press ? or * to list all spells.
You can't see any susceptible monsters within range! (Use Z to cast anyway.)
Casting: Shock (safe; 12% risk of failure)
Confirm with . or Enter, or press ? or * to list all spells.
You can't see any susceptible monsters within range! (Use Z to cast anyway.)
Casting: Shock (safe; 12% risk of failure)
Confirm with . or Enter, or press ? or * to list all spells.
You can't see any susceptible monsters within range! (Use Z to cast anyway.)
There is a stone staircase leading down here.
You climb downwards.
Found 10 gold pieces.
Found a stone staircase leading down.
There is a stone staircase leading up here.
You start resting.
Your magical contamination has completely faded away.
There is a stone staircase leading down here.
You climb downwards.
There is a stone staircase leading up here.
HP restored.
Magic restored.
You now have 14 gold pieces.
You open the door.
Ijyb the Twisted Goblin comes into view.
She is wielding a dagger.
Ijyb shouts!
Found an escape hatch in the floor.
Found a stone staircase leading down.
You aren't carrying any items that you can evoke.
Ijyb zaps a wand.
The puff of flame hits you! The fire burns you terribly!
Ouch! That really hurt!
You die...

#....> #.... ...
#'# #.# #.# #.#
#.#
##.###########.#
#...#g......##.#
#.....#####@##.#
#...#.# #.##.#
##.##.#####.##.#
#.............<#
##.##.#####.####
#.##.#####.#
#.##.......#
#.########## #.#


You could see Ijyb.

Vanquished Creatures
  A giant cockroach (D:1)
1 creature vanquished.

Notes
Turn   | Place    | Note
-------+----------+-------------------------------------------
     0 | D:1      | Amnesiac the Mummy Air Elementalist began the quest for the Orb.
     0 | D:1      | Reached XP level 1. HP: 13/13 MP: 4/4
    71 | D:3      | Noticed Ijyb
    82 | D:3      | Killed from afar by Ijyb

Vault maps used:
D:1:      minmay_arrival_five_plusses
D:2:      tso_metal_star, marbit_many_paths
D:3:      evilmike_ruin_ashenzari, patterned_corridor, uniq_ijyb

Action                   || total
-------------------------++-------
 Cast: Shock             ||     2
Armor: Robe              ||     3
Dodge: Dodged            ||     1

Table legend:
 A = Non-vault XP
 B = Vault XP
 C = Vault XP percentage of total XP
 D = Non-vault monster count
 E = Vault monster count
 F = Vault count percentage of total count
 G = Total turns spent on level
                 A         B        C        D         E       F
            +---------+---------+-------+---------+---------+-------
      Total |       2 |       0 |   0.0 |       1 |       0 |   0.0
            +---------+---------+-------+---------+---------+-------
        D:1 |       2 |       0 |   0.0 |       1 |       0 |   0.0
            +---------+---------+-------+---------+---------+-------
